Map: Heavy Artillery LE

Players

Massa

  • Race: Terran Terran
  • League: Gold
  • Spawn Location: 3:00

qqq

  • Race: Zerg Zerg
  • Spawn Location: 1:00

KULE - Winner!

  • Race: Zerg Zerg
  • League: Platinum
  • Spawn Location: 7:00

MMSC - Winner!

  • Race: Protoss Protoss
  • Spawn Location: 7:00

VOD

Have the link to the VOD?

Description

Time

  • Played on: July 18, 2020, 11:49 a.m.
  • Length: 21:29
Show
View Real Time Build Order
Export as new Build Order

Massa Terran 

Build Orders:  

Get SALT Encoding   

  12  0:02  SCV  
  13  0:14  SCV  
  14  0:25  Supply Depot  
  14  0:28  SCV  
  15  0:31  Refinery  
  15  0:47  SCV  
  15  0:48  Barracks  
  16  0:59  SCV  
  18  1:11  SCV  
  18  1:31  SCV  
  19  1:43  SCV  
  20  1:50  Reaper  
  21  1:55  Barracks  
  21  1:58  SCV  
  22  2:15  Orbital Command  
  22  2:22  Reaper  
  22  2:52  Reaper  
  23  2:58  Supply Depot  
  23  2:59  Barracks Tech Lab  
  23  3:14  Command Center  
  23  3:21  Factory  
  23  3:42  Barracks Tech Lab  
  23  3:44  Marauder  
  25  3:52  Barracks  
  25  4:01  Concussive Shells  
  27  4:02  Marauder  
  27  4:05  Marauder  
  30  4:24  Marauder  
  30  4:26  Marauder  
  30  4:46  Marauder  
  30  4:47  Barracks Tech Lab  
  30  4:48  Marauder  
  30  4:50  Factory Tech Lab  
  34  4:53  SCV  
  34  4:55  SCV  
  36  5:05  SCV  
  37  5:07  SCV, Marauder, Supply Depot  
  37  5:08  Supply Depot  
  37  5:09  Marauder  
  40  5:15  Engineering Bay  
  40  5:17  SCV  
  40  5:19  SCV  
  33  5:29  SCV  
  33  5:31  SCV  
  29  5:41  SCV  
  29  5:42  Marine  
  30  5:43  Marine x2  
  33  5:51  Missile Turret  
  33  5:53  Missile Turret  
  33  5:56  Missile Turret  
  33  6:00  Marine  
  33  6:01  Marine x2, Missile Turret  
  33  6:04  Orbital Command  
  36  6:05  SCV  
  37  6:15  Widow Mine  
  37  6:17  SCV  
  37  6:18  Marine x2  
  40  6:19  Marine  
  43  6:29  SCV  
  43  6:32  SCV  
  45  6:36  Marine x3  
  48  6:41  SCV  
  48  6:44  SCV  
  50  6:53  SCV  
  50  6:54  Marine x2  
  51  6:56  SCV  
  51  7:00  Missile Turret  
  54  7:04  Missile Turret  
  54  7:05  SCV, Marine  
  56  7:08  SCV  
  56  7:11  Marine  
  56  7:12  Marine  
  59  7:23  SCV, Marine  
  59  7:24  Refinery, SCV  
  60  7:35  SCV  
  60  7:36  SCV  
  62  8:03  Supply Depot  
  62  8:25  SCV x2, Marauder, Siege Tank  
  69  8:27  Supply Depot  
  69  8:33  Marauder  
  70  8:35  Marauder  
  70  8:45  SCV x2  
  70  8:48  Marauder  
  69  8:50  Supply Depot  
  69  8:54  Marine  
  60  8:56  Marine  
  60  8:57  SCV x2  
  60  9:02  Widow Mine  
  65  9:09  Marine  
  64  9:10  SCV x2  
  64  9:12  Marine  
  64  9:14  Marine, Supply Depot  
  64  9:15  Refinery  
  68  9:22  SCV  
  68  9:23  SCV  
  68  9:24  Widow Mine, Command Center  
  72  9:27  Marauder  
  72  9:30  Marauder  
  76  9:32  Marine  
  76  9:35  SCV  
  76  9:37  Supply Depot  
  78  9:45  Stimpack, Siege Tank  
  81  9:48  Marine  
  81  9:50  Marine  
  81  9:51  Marine  
  84  10:00  Supply Depot  
  84  10:06  Marine  
  85  10:08  Marine  
  86  10:17  Widow Mine  
  88  10:28  Barracks, Command Center  
  88  10:39  Widow Mine  
  90  10:48  Starport  
  90  10:49  Barracks  
  90  10:50  SCV  
  90  10:51  SCV  
  92  11:02  SCV  
  92  11:03  SCV  
  94  11:15  SCV x2  
  96  11:19  Barracks Reactor  
  96  11:23  Factory  
  96  11:27  SCV x2  
  96  11:30  Armory  
  98  11:33  Engineering Bay  
  98  11:34  Terran Infantry Weapons Level 1  
  98  11:35  Medivac  
  98  11:39  SCV x2  
  102  11:42  Planetary Fortress  
  102  11:51  SCV x2  
  102  12:03  SCV x2  
  102  12:05  Medivac  
  105  12:16  Missile Turret  
  105  12:17  Missile Turret  
  104  12:26  Terran Vehicle Weapons Level 1  
  104  12:29  Terran Infantry Armor Level 1  
  103  12:36  Missile Turret  
  94  12:47  SCV  
  94  12:48  SCV x2  
  87  13:00  SCV x3  
  90  13:06  Barracks Tech Lab  
  90  13:07  Marauder x3  
  90  13:08  Marine  
  90  13:09  Marine  
  90  13:10  Factory Tech Lab  
  90  13:12  SCV x3, Siege Tank  
  104  13:22  Refinery  
  104  13:24  Refinery, SCV x3  
  104  13:26  SCV, Marine x2  
  110  13:28  Marauder x3  
  116  13:36  SCV x3  
  116  13:38  Missile Turret  
  116  13:41  Viking  
  121  13:44  Marine x2  
  123  13:49  Marauder  
  123  13:50  Marauder x2  
  129  14:01  Marine  
  128  14:04  Missile Turret  
  128  14:20  Command Center  
  128  14:24  Supply Depot  
  128  14:25  Supply Depot  
  128  14:27  Supply Depot x2  
  128  14:30  Supply Depot  
  128  14:32  Supply Depot x2  
  128  14:33  Supply Depot  
  128  14:46  Marauder x2  
  128  14:47  Marauder  
  134  15:03  Sensor Tower  
  134  15:07  Marauder  
  134  15:08  Marauder  
  134  15:39  Terran Vehicle Weapons Level 2  
  134  15:42  Terran Infantry Armor Level 2  
  134  15:44  Terran Infantry Weapons Level 2  
  134  15:46  Medivac  
  134  15:49  Thor x2  
  142  15:51  Marauder x4, Marine x2  
  142  15:54  Planetary Fortress  
  142  15:56  SCV  
  159  15:57  SCV x2  
  161  16:09  SCV x3, Marine x2  
  166  16:15  Medivac  
  168  16:21  SCV x3  
  171  16:32  Thor  
  177  16:33  SCV x3, Command Center  
  180  16:45  SCV x2  
  182  16:53  Marauder  
  182  16:54  Marauder x3, Marine  
  190  17:00  SCV x3  
  194  17:15  Marauder x3  
  151  17:58  Marauder x3, Marine x2  
  141  17:59  Marauder  
  141  18:02  Thor x2  
  124  18:16  Marine x2  
  124  18:19  Orbital Command, Marauder  
  111  18:20  Marauder x2, Marine  
  111  18:21  SCV x2  
  111  18:22  SCV x2  
  116  18:33  SCV x2  
  116  18:34  SCV x2, Marine x2, Liberator  
  118  18:38  Marauder  
  118  18:41  Marauder x2, Marine  
  131  18:45  SCV  
  131  18:46  SCV x3  
  135  18:51  Marine  
  135  18:52  Marine, Sensor Tower  
  132  18:58  SCV x2  
  132  18:59  Marauder x2  
  132  19:02  Marauder, Marine  
  138  19:11  Marine x2  
  138  19:15  Thor x2  
  150  19:17  Liberator  
  150  19:20  Marauder, Marine  
  150  19:21  Marauder  
  150  19:23  Marine  
  152  19:28  Marine  
  152  19:29  Marine  
  151  19:38  Marine  
  124  19:41  Marine x2  
  124  19:42  Marine  
  111  19:46  Marine  
  111  19:47  Marine  
  112  19:55  Marine  
  112  19:58  Thor  
  112  19:59  Marine x2  
  121  20:00  Medivac  
  120  20:17  Marine  
  115  20:32  Barracks  
  115  20:33  Barracks  
  106  20:36  Barracks  
  106  20:40  Barracks  
  88  20:43  Barracks  
  78  20:50  Supply Depot x2  
  78  20:51  Supply Depot  
  78  20:53  Barracks x2, Supply Depot  
  78  20:59  Barracks  
  78  21:00  Barracks  
  78  21:01  Barracks x2  
  74  21:14  Barracks  
Show
View Real Time Build Order
Export as new Build Order

qqq Zerg 

Build Orders: Hatch First, Lurkers 

Get SALT Encoding   

  12  0:03  Drone  
  13  0:09  Drone  
  14  0:35  Hatchery  
  13  0:41  Drone  
  14  0:56  Spawning Pool  
  13  1:02  Overlord  
  13  1:06  Drone  
  14  1:12  Extractor  
  14  1:13  Drone  
  14  1:31  Drone x2  
  16  1:38  Drone  
  17  1:45  Queen  
  19  1:49  Queen  
  19  1:53  Drone  
  22  1:58  Drone  
  23  2:02  Drone  
  23  2:07  Drone  
  25  2:10  Drone  
  26  2:17  Overlord  
  26  2:21  Zergling x2  
  27  2:24  Drone  
  28  2:38  Zergling x2  
  28  2:40  Metabolic Boost  
  29  2:48  Roach Warren  
  29  2:49  Zergling x2  
  29  2:50  Drone x2  
  31  2:55  Zergling x2  
  31  2:56  Drone  
  33  3:02  Zergling x2  
  35  3:05  Drone  
  35  3:07  Overlord  
  35  3:09  Drone  
  36  3:17  Overlord  
  36  3:18  Overlord  
  36  3:22  Overlord  
  36  3:26  Zergling x2  
  37  3:28  Zergling x2  
  37  3:29  Zergling x2  
  39  3:38  Roach  
  39  3:39  Zergling x2  
  42  3:48  Zergling x4  
  42  3:49  Zergling x4  
  42  3:50  Zergling x4  
  42  3:51  Zergling x2  
  49  4:01  Roach  
  51  4:04  Drone  
  51  4:08  Zergling x2  
  53  4:14  Zergling x2  
  54  4:20  Drone, Zergling x2  
  55  4:33  Hatchery, Zergling x10  
  55  4:34  Zergling x2  
  49  4:53  Roach x2  
  49  4:54  Roach x2  
  49  4:55  Drone x2, Zergling x6  
  57  5:00  Queen  
  59  5:14  Spore Crawler  
  59  5:17  Spore Crawler  
  59  5:19  Zergling x4  
  59  5:20  Roach x3  
  65  5:33  Roach  
  67  5:47  Roach x4  
  67  5:48  Drone x2  
  64  5:57  Roach  
  64  6:00  Drone x2  
  66  6:08  Lair  
  66  6:10  Roach  
  68  6:17  Drone  
  69  6:18  Spore Crawler  
  69  6:20  Spine Crawler  
  69  6:25  Roach  
  69  6:26  Drone x4  
  69  6:31  Overlord  
  73  6:35  Drone  
  72  6:45  Evolution Chamber  
  72  6:46  Drone x2  
  73  6:47  Drone  
  73  6:49  Evolution Chamber  
  73  6:55  Hatchery  
  73  6:59  Drone x2  
  73  7:00  Drone x3  
  73  7:01  Drone, Roach  
  78  7:02  Roach  
  78  7:07  Glial Reconstitution  
  82  7:13  Hydralisk Den, Overlord  
  81  7:17  Zergling x2  
  81  7:22  Overlord  
  82  7:24  Extractor  
  81  7:39  Extractor  
  81  7:42  Hydralisk x2  
  81  7:43  Extractor  
  82  8:00  Hydralisk  
  84  8:08  Drone x2  
  84  8:09  Drone  
  84  8:10  Extractor  
  84  8:12  Hydralisk  
  86  8:14  Zergling x2  
  86  8:17  Roach  
  91  8:24  Drone x5  
  96  8:29  Grooved Spines  
  93  8:46  Roach x3  
  93  8:47  Drone, Roach x3  
  93  8:48  Drone x3  
  90  9:00  Hydralisk  
  90  9:01  Hydralisk  
  90  9:02  Zergling x4  
  88  9:03  Drone x2  
  88  9:04  Drone  
  88  9:06  Spore Crawler  
  89  9:19  Zergling x6  
  92  9:30  Zergling x2  
  93  9:31  Drone  
  93  9:32  Drone x4  
  98  9:40  Hatchery  
  98  9:41  Drone, Overlord, Muscular Augments  
  98  9:42  Hatchery, Hydralisk x2  
  98  9:43  Hatchery  
  100  9:52  Hatchery, Lurker Den  
  94  9:54  Zerg Melee Weapons Level 1  
  94  9:55  Zergling x6  
  97  10:01  Drone x2  
  99  10:12  Zergling x4  
  101  10:15  Zerg Ground Armor Level 1  
  101  10:16  Drone x2  
  101  10:17  Zergling x4  
  105  10:25  Extractor  
  104  10:29  Drone  
  105  10:36  Infestation Pit  
  105  10:40  Spore Crawler  
  105  10:41  Zergling x6  
  105  10:42  Spore Crawler  
  105  10:46  Drone  
  105  10:48  Overlord x2  
  105  11:18  Zergling x10  
  110  11:19  Drone x6  
  110  11:20  Drone x6  
  110  11:24  Hive  
  122  11:30  Lurker x4  
  125  11:45  Drone x6  
  125  11:46  Drone x2  
  126  11:47  Roach  
  126  11:48  Roach x4  
  126  11:53  Zerg Melee Weapons Level 2  
  136  12:00  Spine Crawler, Spore Crawler  
  133  12:02  Spine Crawler  
  133  12:04  Spine Crawler x2  
  133  12:05  Spore Crawler  
  129  12:08  Spore Crawler  
  129  12:09  Spore Crawler  
  129  12:11  Spine Crawler  
  129  12:12  Drone x2  
  129  12:14  Hatchery  
  125  12:23  Drone x5, Hatchery  
  125  12:24  Drone x4  
  123  12:44  Drone  
  123  12:45  Drone x4  
  123  12:46  Hydralisk x2  
  123  12:48  Roach  
  123  12:50  Overlord x3  
  134  13:04  Zerg Ground Armor Level 2  
  134  13:07  Ultralisk Cavern  
  133  13:13  Hatchery  
  133  13:17  Drone x4  
  133  13:18  Drone x4  
  140  13:41  Zergling x6  
  140  13:42  Zergling x10  
  140  13:43  Drone x6  
  140  13:44  Drone x2  
  156  13:51  Hatchery  
  156  13:54  Hatchery  
  154  14:02  Drone x2  
  156  14:05  Pneumatized Carapace  
  156  14:06  Overseer  
  156  14:10  Ultralisk x2  
  156  14:14  Drone x2  
  163  14:36  Drone x3  
  163  14:37  Drone x4  
  163  14:38  Drone  
  166  14:42  Spine Crawler, Spore Crawler  
  166  14:43  Drone x4  
  166  14:44  Drone x2  
  170  14:49  Ultralisk  
  170  14:50  Overlord x3  
  170  14:51  Overlord  
  176  14:54  Anabolic Synthesis  
  176  14:57  Zerg Melee Weapons Level 3  
  167  15:01  Zergling x6  
  167  15:02  Zergling x4  
  172  15:17  Hatchery  
  172  15:21  Zerg Missile Weapons Level 1  
  171  15:37  Chitinous Plating  
  171  15:38  Drone x4  
  171  15:39  Drone x7  
  171  15:40  Drone  
  171  15:41  Ultralisk x2  
  195  15:56  Drone x2  
  195  15:57  Drone x2  
  193  15:58  Ultralisk  
  193  16:03  Spine Crawler  
  193  16:04  Spore Crawler  
  192  16:16  Hatchery  
  183  16:36  Hydralisk x5  
  177  16:56  Ultralisk x4  
  177  16:57  Hydralisk  
  177  16:58  Hydralisk  
  162  17:10  Ultralisk x5  
  162  17:12  Hydralisk x3  
  162  17:13  Hydralisk  
  182  17:17  Drone x3  
  182  17:18  Drone x5  
  182  17:20  Extractor  
  182  17:21  Extractor  
  188  17:23  Extractor  
  188  17:28  Hydralisk x3  
  181  17:31  Zergling x4  
  181  17:32  Zergling x6  
  181  17:33  Zergling x2  
  175  17:45  Overseer x2  
  175  17:46  Hydralisk x2  
  175  17:50  Overlord  
  176  17:51  Drone x3  
  176  17:52  Drone x3  
  176  17:54  Spine Crawler  
  176  17:56  Spine Crawler, Spore Crawler  
  176  17:58  Spore Crawler  
  178  17:59  Spore Crawler  
  178  18:01  Drone x2, Spine Crawler  
  178  18:02  Drone, Spore Crawler  
  178  18:10  Zergling x2, Ultralisk  
  178  18:11  Zergling x8  
  189  18:23  Zergling x12  
  189  18:24  Zergling x4  
  189  18:49  Drone x2  
  189  18:50  Drone  
  189  18:51  Hydralisk, Ultralisk  
  193  19:11  Hydralisk  
  193  19:12  Hydralisk x3  
  169  19:31  Ultralisk x2  
  169  19:33  Ultralisk x2  
  184  19:39  Hydralisk x2, Spire  
  184  19:41  Overlord x3  
  184  19:42  Overlord  
  155  19:54  Drone x3  
  155  19:55  Drone x3  
  155  19:59  Overlord x3  
  101  20:29  Drone x6  
  75  20:47  Drone x2  
  75  20:51  Mutalisk x8  
  75  20:52  Mutalisk  
  75  20:56  Extractor  
  93  20:57  Drone x6  
  93  21:01  Extractor  
  93  21:04  Mutalisk  
  79  21:14  Overseer  
Show
View Real Time Build Order
Export as new Build Order

KULE Zerg - Winner!

Build Orders: Hatch First, Lurkers 

Get SALT Encoding   

  12  0:01  Drone  
  13  0:08  Drone  
  14  0:17  Overlord  
  14  0:37  Drone x3  
  17  0:49  Drone  
  18  0:58  Hatchery  
  17  1:04  Drone  
  17  1:10  Drone  
  19  1:23  Spawning Pool  
  19  1:24  Drone  
  19  1:25  Extractor  
  18  1:33  Drone  
  19  1:44  Drone  
  20  1:52  Overlord  
  20  2:06  Drone  
  21  2:12  Queen  
  21  2:13  Queen  
  21  2:14  Zergling x4  
  27  2:23  Zergling x2  
  27  2:37  Drone x3  
  30  2:45  Metabolic Boost  
  30  2:46  Drone x2  
  30  2:49  Queen  
  34  3:03  Drone  
  34  3:04  Drone  
  36  3:23  Drone  
  36  3:24  Overlord  
  36  3:25  Lair  
  35  3:39  Overlord x2  
  35  3:45  Evolution Chamber  
  35  3:46  Drone x5, Baneling Nest  
  35  3:47  Drone  
  38  4:09  Zergling x2  
  39  4:10  Queen, Zergling x6  
  39  4:15  Zergling x2  
  39  4:16  Zergling x8  
  48  4:26  Zerg Melee Weapons Level 1, Zergling x4  
  40  4:41  Zergling x4  
  35  4:49  Zergling x4  
  36  4:58  Zergling x2  
  36  5:09  Hydralisk Den  
  36  5:11  Drone  
  36  5:12  Drone x3, Queen  
  40  5:20  Baneling x4  
  40  5:38  Drone x10  
  50  5:43  Extractor  
  50  5:45  Drone  
  47  5:56  Extractor x2, Zergling x2  
  47  5:57  Queen, Zergling x2  
  48  6:09  Drone  
  48  6:10  Drone x7  
  56  6:32  Hatchery  
  55  6:42  Hatchery  
  55  6:56  Hydralisk  
  55  6:57  Hydralisk x2, Evolution Chamber  
  55  6:58  Lurker Den  
  55  6:59  Overlord x3  
  55  7:00  Zergling x2  
  60  7:01  Centrifical Hooks  
  60  7:11  Overlord  
  60  7:13  Overseer  
  60  7:29  Zerg Ground Armor Level 1  
  60  7:33  Hydralisk  
  60  7:34  Hydralisk x3  
  60  7:36  Drone x6  
  60  7:37  Drone x2  
  72  7:45  Overseer  
  72  7:54  Queen  
  72  7:56  Hydralisk  
  72  7:57  Hydralisk x3  
  82  8:05  Zergling x10  
  83  8:11  Lurker  
  83  8:12  Lurker  
  89  8:19  Drone, Spine Crawler x2  
  88  8:20  Drone x6  
  88  8:21  Spine Crawler  
  79  8:50  Zergling x2  
  79  8:51  Zergling x18  
  85  9:05  Hatchery  
  82  9:13  Infestation Pit  
  82  9:15  Zerg Missile Weapons Level 1  
  81  9:17  Grooved Spines  
  81  9:21  Extractor  
  80  9:24  Extractor  
  80  9:28  Zerg Ground Armor Level 2  
  80  9:30  Hydralisk x6  
  91  9:34  Hatchery  
  90  9:39  Zergling x4  
  92  9:48  Overlord x2  
  92  10:10  Lurker x3  
  96  10:14  Drone x5  
  96  10:15  Drone x4  
  104  10:24  Queen  
  106  10:29  Hive, Muscular Augments  
  105  10:51  Lurker x2  
  105  10:52  Lurker  
  105  10:56  Drone x2, Spire  
  109  10:58  Queen  
  109  10:59  Drone x2  
  104  11:19  Zergling x2  
  104  11:20  Zergling x18  
  114  11:27  Overseer  
  114  11:34  Nydus Network  
  114  11:37  Hydralisk  
  114  11:38  Hydralisk x2  
  119  11:40  Overlord x4  
  119  11:44  Drone x3  
  118  11:54  Spine Crawler x2  
  117  11:55  Spine Crawler  
  115  12:06  Zerg Missile Weapons Level 2  
  115  12:07  Zerg Ground Armor Level 3  
  115  12:09  Greater Spire  
  115  12:16  Hydralisk x9  
  115  12:22  Drone x3  
  136  12:23  Drone x2  
  137  13:00  Corruptor x7  
  150  13:08  Drone  
  150  13:09  Drone  
  152  13:12  Spine Crawler  
  152  13:15  Drone x2, Spine Crawler  
  152  13:16  Extractor  
  152  13:17  Extractor, Queen, Overlord x3  
  152  13:18  Overlord  
  152  13:26  Zerg Flyer Weapons Level 1  
  152  13:47  Brood Lord x2  
  152  13:48  Brood Lord x2  
  160  13:49  Brood Lord  
  162  14:08  Spine Crawler  
  161  14:23  Nydus Canal  
  161  14:30  Corruptor x2  
  161  14:31  Corruptor x5  
  175  14:53  Lurker  
  175  14:54  Lurker, Overlord  
  175  14:55  Overlord x3  
  171  15:14  Lurker x6  
  170  15:15  Lurker  
  170  15:18  Seismic Spines  
  170  15:19  Zergling x8  
  170  15:20  Zergling x14  
  186  15:56  Brood Lord x3  
  190  16:00  Brood Lord x2  
  190  16:01  Brood Lord  
  194  16:05  Overseer  
  187  17:05  Drone, Corruptor  
  187  17:06  Drone x6  
  187  17:07  Drone x2  
  193  17:15  Corruptor x3  
  182  17:59  Zerg Flyer Weapons Level 2  
  182  18:04  Spire  
  181  18:10  Corruptor x3  
  181  18:11  Corruptor x5  
  197  18:49  Spine Crawler x3  
  197  18:51  Spine Crawler x3  
  152  19:21  Overlord x3  
  138  19:51  Brood Lord x2, Corruptor  
  130  19:53  Overlord x4  
  113  20:31  Corruptor x3  
  108  20:46  Corruptor  
Show
View Real Time Build Order
Export as new Build Order

MMSC Protoss - Winner!

Build Orders: 1 Gate Expand, Oracle Opening, Carriers 

Get SALT Encoding   

  12  0:01  Probe  
  14  0:14  Probe  
  14  0:24  Pylon  
  14  0:27  Probe  
  15  0:42  Probe  
  16  0:47  Gateway  
  16  0:49  Assimilator  
  16  0:59  Probe  
  17  1:08  Probe  
  17  1:10  Pylon  
  18  1:16  Probe  
  18  1:17  Pylon  
  19  1:25  Probe  
  20  1:44  Nexus  
  20  1:52  Cybernetics Core  
  20  2:01  Gateway  
  20  2:10  Pylon  
  20  2:15  Zealot, Assimilator  
  22  2:19  Warp Gate  
  22  2:35  Probe  
  23  2:46  Shield Battery  
  23  2:51  Stargate  
  23  2:53  Probe  
  23  2:54  Adept  
  26  3:02  Adept  
  27  3:05  Probe  
  29  3:17  Probe  
  30  3:29  Probe  
  30  3:31  Probe  
  32  3:34  Pylon  
  32  3:42  Probe  
  32  3:44  Probe, Oracle  
  37  3:48  Pylon  
  37  3:54  Probe, Forge  
  38  3:56  Robotics Facility  
  38  4:00  Probe  
  39  4:18  Void Ray  
  39  4:19  Probe x2  
  45  4:34  Adept x2  
  49  4:51  Immortal  
  51  5:04  Probe x2  
  53  5:16  Probe x2  
  55  5:31  Void Ray  
  57  5:46  Adept  
  57  5:47  Adept  
  61  6:08  Immortal  
  61  6:09  Probe x2  
  67  6:11  Protoss Ground Weapons Level 1  
  67  6:21  Probe  
  67  6:25  Probe  
  69  6:31  Void Ray  
  73  6:34  Probe  
  74  7:09  Probe  
  74  7:10  Probe  
  74  7:13  Assimilator  
  76  7:16  Assimilator  
  76  7:18  Pylon  
  76  7:21  Pylon  
  76  7:22  Probe  
  77  7:34  Void Ray  
  74  8:05  Sentry  
  74  8:06  Sentry  
  74  8:09  Probe x2  
  74  8:11  Warp Prism  
  82  8:28  Protoss Air Weapons Level 1  
  82  8:47  Immortal  
  78  9:18  Probe x2  
  80  9:26  Immortal  
  80  9:28  Robotics Bay  
  80  9:29  Robotics Facility  
  84  9:45  Void Ray  
  84  9:46  Nexus  
  84  9:49  Assimilator  
  84  9:50  Assimilator  
  88  9:52  Twilight Council  
  88  9:53  Pylon  
  88  9:54  Pylon  
  88  9:58  Photon Cannon  
  88  10:02  Photon Cannon  
  88  10:05  Shield Battery  
  88  10:06  Immortal  
  92  10:10  Pylon  
  92  10:25  Gateway  
  92  10:28  Gateway  
  92  10:30  Gateway  
  92  10:33  Pylon  
  92  10:37  Stargate  
  92  10:50  Protoss Air Armor Level 1  
  92  10:58  Probe x2  
  94  11:05  Shield Battery  
  94  11:09  Gateway  
  94  11:10  Gateway  
  94  11:13  Gateway  
  94  11:14  Gateway  
  94  11:16  Probe x2, Gateway  
  96  11:19  Gateway  
  96  11:20  Templar Archives  
  96  11:23  Dark Shrine  
  96  11:28  Probe x2  
  97  11:39  Void Ray x2  
  105  11:45  Colossus  
  107  11:56  Adept x2  
  105  12:42  Probe x2  
  107  12:45  Void Ray x2  
  107  12:47  Colossus  
  121  12:54  Probe  
  114  13:01  Psionic Storm  
  114  13:02  Shadow Stride  
  114  13:04  Dark Templar x3  
  114  13:05  Dark Templar  
  122  13:27  Void Ray  
  122  13:28  Void Ray  
  130  13:36  High Templar  
  130  13:38  Zealot  
  130  13:39  Zealot x3  
  138  14:37  Void Ray  
  138  14:38  Void Ray  
  138  14:41  Stargate x2  
  138  14:43  Fleet Beacon  
  140  15:43  Pylon, Flux Vanes  
  140  15:44  Observer  
  140  15:45  Gravitic Boosters, Pylon  
  140  15:47  Pylon  
  140  15:49  Pylon  
  141  15:56  Nexus  
  141  15:58  Assimilator  
  141  16:01  Void Ray x2  
  141  16:02  Assimilator  
  141  16:03  Colossus  
  155  16:04  Pylon  
  155  16:07  Pylon  
  155  16:11  Pylon  
  155  16:13  Zealot  
  155  16:15  Pylon  
  157  16:44  Void Ray x2  
  161  16:59  Carrier  
  161  17:00  Carrier  
  173  17:12  High Templar  
  175  17:27  Carrier x2  
  185  17:32  Nexus  
  185  17:35  Assimilator  
  185  17:48  Pylon  
  185  17:50  Pylon  
  185  17:55  Photon Cannon  
  185  17:57  Photon Cannon  
  185  18:03  Gravitic Drive  
  185  18:04  Carrier x2  
  193  18:07  Anion Pulse-Crystals  
  191  18:32  Warp Prism  
  191  18:33  Observer  
  192  18:52  Photon Cannon  
  192  18:55  Photon Cannon  
  189  18:56  Photon Cannon  
  189  18:57  Gateway  
  189  18:58  Gateway  
  189  19:00  Extended Thermal Lance  
  189  19:02  Gateway  
  189  19:17  Gateway x2  
  189  19:20  Gateway  
  189  19:21  Gateway  
  189  19:22  Photon Cannon  
  189  19:24  Photon Cannon  
  189  19:26  Photon Cannon  
  189  19:31  Observer x2  
  177  19:50  Dark Templar x2  
  177  19:51  Dark Templar x2  
  177  19:52  Observer  
  186  20:13  Dark Templar x2  
  186  20:14  Dark Templar  
  195  21:15  Photon Cannon x2  
  195  21:18  Photon Cannon, Nexus  
  194  21:21  Shield Battery  
  194  21:23  Photon Cannon x2  
Tags
 
Add a new tag
Caveats
  • Supply blocks, unpowered buildings, or Contaminate may cause inaccurate times.
  • Supply counts are checked every 10 seconds.